 Dungeon Crawl Stone Soup version 0.13-a0-1585-g6f4f798 (webtiles) character file.

91 Kae the Firebug (level 3, -2/19 HPs)
             Began as a Tengu Fire Elementalist on June 12, 2013.
             Was an Initiate of Vehumet.
             Slain by a gnoll
             ... wielding a +0,+0 halberd
              (17 damage)
             ... on Level 2 of the Dungeon.
             The game lasted 00:02:34 (1225 turns).

Kae the Firebug (Tengu Fire Elementalist)           Turns: 1225, Time: 00:02:34

HP  -2/19        AC  3     Str  8      XL: 3   Next: 37%
MP   5/7         EV 12     Int 16      God: Vehumet [......]
Gold 55          SH  0     Dex 14      Spells:  2 memorised,  1 level left

Res.Fire  : . . .   See Invis. : .   q - +0,+1 dagger (flame)
Res.Cold  : . . .   Warding    : .   a - +0 robe
Life Prot.: . . .   Conserve   : .   (no shield)
Res.Poison: .       Res.Corr.  : .   (helmet restricted)
Res.Elec. : .       Clarity    : .   (no cloak)
Sust.Abil.: . .     Spirit.Shd : .   l - +0 pair of gauntlets
Res.Mut.  : .       Stasis     : .   (boots unavailable)
Res.Rott. : .       Flight     : .   (no amulet)
Saprovore : . . .                    (no ring)
                                     (no ring)

@: not resistant to hostile enchantments, fairly stealthy
A: beak, talons 3
a: Renounce Religion


You were on level 2 of the Dungeon.
You worshipped Vehumet.
Vehumet was noncommittal.
You were hungry.

You visited 1 branch of the dungeon, and saw 2 of its levels.

You collected 35 gold pieces.

Inventory:

Hand weapons
 k - a +0,+1 dagger
 q - a +0,+1 dagger of flaming (weapon)
Missiles
 j - a dart (quivered)
Armour
 a - a +0 robe (worn)
 l - a +0 pair of gauntlets (worn)
Comestibles
 c - 2 bread rations
 r - 2 rotting chunks of hobgoblin flesh
Scrolls
 e - a scroll of fog {unknown}
 f - 2 scrolls of identify {unknown}
 i - a scroll of curse armour {unknown}
 m - a scroll of enchant weapon I {unknown}
 p - a scroll of teleportation {unknown}
 s - 3 scrolls of random uselessness {unknown}
Potions
 d - a potion of mutation {unknown}
 g - a potion of invisibility {unknown}
 h - a potion of resistance {unknown}
 n - a potion of flight {unknown}
 o - 2 potions of heal wounds {unknown}
Books
 b - a book of Flames

   Spells                             Type                      Level
   *Flame Tongue                      Conjuration/Fire             1
   *Throw Flame                       Conjuration/Fire             2
   Conjure Flame                      Conjuration/Fire             3
   Inner Flame                        Hexes/Fire                   3
   Sticky Flame                       Conjuration/Fire             4
   Fireball                           Conjuration/Fire             5


   Skills:
 - Level 2.1 Dodging
 - Level 2.0 Stealth
 + Level 1.3 Spellcasting
 * Level 2.5 Conjurations
 * Level 4.1 Fire Magic


You had one spell level left.
You knew the following spells:

 Your Spells              Type           Power        Failure   Level  Hunger
a - Flame Tongue          Conj/Fire      ##...        8%          1    ##.....
b - Throw Flame           Conj/Fire      ##....       10%         2    ###....


Dungeon Overview and Level Annotations

Branches:
Dungeon (2/27)

Altars:
Vehumet


Innate Abilities, Weirdness & Mutations

You have a beak for a mouth.
You have claws for feet.


Message History

The gnoll completely misses you.
Casting: Flame Tongue
Confirm with . or Enter, or press ? or * to list all spells.
Aiming: Flame Tongue
Press: ? - help, Shift-Dir - straight line, f - gnoll
Aim: a gnoll, wielding a halberd The flame hits the gnoll.
The gnoll is lightly wounded.
The gnoll barely misses you.
Casting: Flame Tongue
Confirm with . or Enter, or press ? or * to list all spells.
Aiming: Flame Tongue
Press: ? - help, Shift-Dir - straight line, f/p - gnoll
Aim: a gnoll, wielding a halberd (lightly wounded)
The flame hits the gnoll.
The gnoll appears unharmed.
The gnoll is lightly wounded.
A giant cockroach comes into view.
The gnoll hits you from afar with a halberd!
Ouch! That really hurt!
You die...

#####♣♣♣# #......♣♣# #.###♣.PP♣
######## ####.#♣♣♣P.P♣
#.......# #....♣.♣.P.P♣
#.......# #....♣P.≈≈.P♣#
#.......# #g...♣.≈≈≈≈♣♣#
.#.......######.gg.♣♣P≈≈♣.♣####
........%.....@.♣♣..♣.P.♣♣♣....
.#.......####..♣♣♣♣..♣♣♣♣♣#...(
.........# #.♣♣P%.....[.##....
........# #♣♣♣..P♣....[.##....
........% ♣PP♣..P♣............
........# ....♣♣#....####....
.......# ♣♣..s♣♣.............
.....g. ..♣♣♣......####..._
..g.g# ♣ ♣###....##......


You could see 3 gnolls and a giant cockroach (wandering).

Vanquished Creatures
  An adder (D:2)
  A giant gecko (D:1)
  3 bats
  3 giant cockroaches
  3 goblins
  6 hobgoblins
  3 kobolds
  4 rats
24 creatures vanquished.

Vanquished Creatures (others)
  A hobgoblin (D:1)
1 creature vanquished.

Grand Total: 25 creatures vanquished

Notes
Turn   | Place    | Note
--------------------------------------------------------------
     0 | D:1      | Kae, the Tengu Fire Elementalist, began the quest for the Orb.
     0 | D:1      | Reached XP level 1. HP: 10/10 MP: 3/3
   188 | D:1      | Reached XP level 2. HP: 9/15 MP: 0/5
   240 | D:1      | Learned a level 2 spell: Throw Flame
   741 | D:1      | Reached skill level 4 in Fire Magic
   905 | D:2      | Reached XP level 3. HP: 19/19 MP: 4/6
  1097 | D:2      | Found a radiant altar of Vehumet.
  1127 | D:2      | Became a worshipper of Vehumet
  1225 | D:2      | Slain by a gnoll

Action                   || total
-------------------------++-------
Melee: Unarmed           ||    22
       Dagger            ||     3
 Cast: Flame Tongue      ||    41
       Throw Flame       ||     2
